| TOP OF THE 1ST |
|
Cincinnati (NYP) Reds batting - Pitching for Hillsboro Hops : RHP Jose Rodas
|
|
Pitching: RHP Jose Rodas
|
|
|
Batting: LHB Jason Pirkle
|
0-0: Ball 1-0: Ground out 6-3 (Groundball, 6, EV 79.4 MPH)
|
|
Batting: RHB Randy Grewe
|
0-0: Called Strike 0-1: Ball 1-1: Ball 2-1: Swinging Strike 2-2: Ball 3-2: SINGLE (Groundball, 6, EV 98.8 MPH)
|
|
Batting: RHB David Clough
|
0-0: Ground out 6-3 (Groundball, 6MD, EV 86.2 MPH) Randy Grewe to second
|
|
Batting: LHB Brian Dickeson
|
0-0: SINGLE (Groundball, 6MD, EV 98.1 MPH) Randy Grewe to third Runner from 3rd tries for Home, SAFE, throw by CF to home Brian Dickeson to second
|
|
Batting: SHB Cesar Pelayo
|
0-0: Called Strike 0-1: Ball 1-1: Foul Ball, location: 2F 1-2: Strikes out looking
|
| Top of the 1st over - 1 run, 2 hits, 0 errors, 1 left on base; Cincinnati (NYP) 1 - Hillsboro 0 |
| BOTTOM OF THE 1ST |
|
Hillsboro Hops batting - Pitching for Cincinnati (NYP) Reds : LHP Andres Lobato
|
|
Pitching: LHP Andres Lobato
|
|
|
Batting: RHB Yutaka Oki
|
0-0: Called Strike 0-1: Ground out 3-1 (Groundball, 34, EV 102.5 MPH)
|
|
Batting: RHB Daniel Rivera
|
0-0: Ball 1-0: Ball 2-0: Called Strike 2-1: SINGLE (Groundball, 25, EV 66.2 MPH) (infield hit)
|
|
Batting: RHB Alejandro Hernandez
|
0-0: Grounds into double play, 6-4-3 (Groundball, 6D, EV 90.6 MPH)
|
| Bottom of the 1st over - 0 runs, 1 hit, 0 errors, 0 left on base; Cincinnati (NYP) 1 - Hillsboro 0 |
| TOP OF THE 2ND |
|
Cincinnati (NYP) Reds batting - Pitching for Hillsboro Hops : RHP Jose Rodas
|
|
Batting: RHB Tim Walter
|
0-0: Ground out 6-3 (Groundball, 6, EV 79.4 MPH)
|
|
Batting: RHB R.J. Romberg
|
0-0: Foul Ball, location: 2F 0-1: Ball 1-1: SOLO HOME RUN (Flyball, 7LD, EV 95.6 MPH), Distance : 364 ft
|
|
Batting: LHB Akira Yamano
|
0-0: Ball 1-0: Ball 2-0: Ball 3-0: Called Strike 3-1: Foul Ball, location: 2F 3-2: SINGLE (Line Drive, 8LS, EV 103.8 MPH)
|
|
Batting: RHB Cyd Carver
|
0-0: Called Strike 0-1: Foul Ball, location: 2F 0-2: Ball 1-2: Fielders Choice at 2nd, 5-4 (Groundball, 56, EV 90.0 MPH)
|
|
Batting: LHB Jason Pirkle
|
0-0: Ball 1-0: Swinging Strike 1-1: Ground out 4-3 (Groundball, 34S, EV 85.0 MPH)
|
| Top of the 2nd over - 1 run, 2 hits, 0 errors, 1 left on base; Cincinnati (NYP) 2 - Hillsboro 0 |
| BOTTOM OF THE 2ND |
|
Hillsboro Hops batting - Pitching for Cincinnati (NYP) Reds : LHP Andres Lobato
|
|
Batting: RHB Tim Borden
|
0-0: Swinging Strike 0-1: Called Strike 0-2: Strikes out looking
|
|
Batting: RHB Sean Tanner
|
0-0: Called Strike 0-1: Swinging Strike 0-2: Foul Ball, location: 2F 0-2: Strikes out swinging
|
|
Batting: RHB Cesar Rendon
|
0-0: Called Strike 0-1: Foul Ball, location: 2F 0-2: Strikes out looking
|
| Bottom of the 2nd over - 0 runs, 0 hits, 0 errors, 0 left on base; Cincinnati (NYP) 2 - Hillsboro 0 |
| TOP OF THE 3RD |
|
Cincinnati (NYP) Reds batting - Pitching for Hillsboro Hops : RHP Jose Rodas
|
|
Batting: RHB Randy Grewe
|
0-0: Ball 1-0: Ground out 6-3 (Groundball, 6, EV 97.5 MPH)
|
|
Batting: RHB David Clough
|
0-0: Fly out, F9 (Flyball, 9S, EV 91.9 MPH)
|
|
Batting: LHB Brian Dickeson
|
0-0: Called Strike 0-1: Ball 1-1: Foul Ball, location: 2F 1-2: Ball 2-2: DOUBLE (Flyball, 78XD, EV 106.9 MPH)
|
|
Batting: SHB Cesar Pelayo
|
0-0: Called Strike 0-1: Ball 1-1: Ground out 4-3 (Groundball, 4S, EV 88.1 MPH)
|
| Top of the 3rd over - 0 runs, 1 hit, 0 errors, 1 left on base; Cincinnati (NYP) 2 - Hillsboro 0 |
| BOTTOM OF THE 3RD |
|
Hillsboro Hops batting - Pitching for Cincinnati (NYP) Reds : LHP Andres Lobato
|
|
Batting: RHB Jonathan Underhill
|
0-0: Called Strike 0-1: Foul Ball, location: 2F 0-2: Foul Ball, location: 2F 0-2: Ground out 6-3 (Groundball, 56, EV 86.2 MPH)
|
|
Batting: RHB Chris McGrath
|
0-0: Called Strike 0-1: Foul Ball, location: 2F 0-2: Strikes out swinging
|
|
Batting: RHB Ryuki Ogasawara
|
0-0: Called Strike 0-1: Swinging Strike 0-2: Strikes out swinging
|
| Bottom of the 3rd over - 0 runs, 0 hits, 0 errors, 0 left on base; Cincinnati (NYP) 2 - Hillsboro 0 |
| TOP OF THE 4TH |
|
Cincinnati (NYP) Reds batting - Pitching for Hillsboro Hops : RHP Jose Rodas
|
|
Batting: RHB Tim Walter
|
0-0: Foul Ball, location: 2F 0-1: Ground out 5-3 (Groundball, 56D, EV 89.4 MPH)
|
|
Batting: RHB R.J. Romberg
|
0-0: Called Strike 0-1: Ball 1-1: Ball 2-1: Swinging Strike 2-2: Foul Ball, location: 2F 2-2: Fly out, F8 (Flyball, 8LS, EV 79.4 MPH)
|
|
Batting: LHB Akira Yamano
|
0-0: Ball 1-0: Ball 2-0: Ball 3-0: Base on Balls
|
|
Batting: RHB Cyd Carver
|
0-0: Ball 1-0: Called Strike 1-1: SINGLE (Groundball, P, EV 87.5 MPH) (infield hit) Akira Yamano to second
|
|
Batting: LHB Jason Pirkle
|
0-0: Ball 1-0: Ball 2-0: Ball 3-0: Base on Balls Akira Yamano to third Cyd Carver to second
|
|
Batting: RHB Randy Grewe
|
0-0: Called Strike 0-1: Foul Ball, location: 2F 0-2: Fly out, F7 (Flyball, 78M, EV 86.2 MPH)
|
| Top of the 4th over - 0 runs, 1 hit, 0 errors, 3 left on base; Cincinnati (NYP) 2 - Hillsboro 0 |
| BOTTOM OF THE 4TH |
|
Hillsboro Hops batting - Pitching for Cincinnati (NYP) Reds : LHP Andres Lobato
|
|
Batting: RHB Yutaka Oki
|
0-0: Ball 1-0: Foul Ball, location: 2F 1-1: DOUBLE (Line Drive, 89D, EV 110.6 MPH)
|
|
Batting: RHB Daniel Rivera
|
0-0: Called Strike 0-1: Swinging Strike 0-2: Ball 1-2: Strikes out swinging
|
|
Batting: RHB Alejandro Hernandez
|
0-0: Ball 1-0: Called Strike 1-1: Foul Ball, location: 2F 1-2: Ball 2-2: Strikes out looking
|
|
Batting: RHB Tim Borden
|
0-0: Ball 1-0: Ball 2-0: Ball 3-0: Called Strike 3-1: Foul Ball, location: 2F 3-2: Strikes out looking
|
| Bottom of the 4th over - 0 runs, 1 hit, 0 errors, 1 left on base; Cincinnati (NYP) 2 - Hillsboro 0 |
| TOP OF THE 5TH |
|
Cincinnati (NYP) Reds batting - Pitching for Hillsboro Hops : RHP Jose Rodas
|
|
Batting: RHB David Clough
|
0-0: Foul Ball, location: 2F 0-1: Foul Ball, location: 2F 0-2: Ball 1-2: Ball 2-2: Foul Ball, location: 2F 2-2: SINGLE (Groundball, 3D, EV 99.4 MPH)
|
|
Batting: LHB Brian Dickeson
|
0-0: Ball 1-0: Ball 2-0: Ball 3-0: Base on Balls David Clough to second
|
|
Batting: SHB Cesar Pelayo
|
0-0: Ball 1-0: Foul Ball, location: 2F 1-1: Ball 2-1: Grounds into double play, 4-6-3 (Groundball, 4, EV 108.1 MPH) David Clough to third
|
|
Batting: RHB Tim Walter
|
0-0: Ball 1-0: Foul Ball, location: 2F 1-1: Ground out 4-3 (Groundball, 34D, EV 105.6 MPH)
|
| Top of the 5th over - 0 runs, 1 hit, 0 errors, 1 left on base; Cincinnati (NYP) 2 - Hillsboro 0 |
| BOTTOM OF THE 5TH |
|
Hillsboro Hops batting - Pitching for Cincinnati (NYP) Reds : LHP Andres Lobato
|
|
Batting: RHB Sean Tanner
|
0-0: Called Strike 0-1: Ball 1-1: Foul Ball, location: 2F 1-2: Ball 2-2: Strikes out swinging
|
|
Batting: RHB Cesar Rendon
|
0-0: Foul Ball, location: 2F 0-1: Called Strike 0-2: Ball 1-2: DOUBLE (Flyball, 89XD, EV 90.6 MPH)
|
|
Batting: RHB Jonathan Underhill
|
0-0: Foul Ball, location: 2F 0-1: Called Strike 0-2: Foul Ball, location: 2F 0-2: Ball 1-2: Strikes out swinging
|
|
Batting: RHB Chris McGrath
|
0-0: Ball 1-0: Foul Ball, location: 2F 1-1: Ball 2-1: Swinging Strike 2-2: Strikes out swinging
|
| Bottom of the 5th over - 0 runs, 1 hit, 0 errors, 1 left on base; Cincinnati (NYP) 2 - Hillsboro 0 |
| TOP OF THE 6TH |
|
Cincinnati (NYP) Reds batting - Pitching for Hillsboro Hops : RHP Jose Rodas
|
|
Batting: RHB R.J. Romberg
|
0-0: Called Strike 0-1: Ball 1-1: Swinging Strike 1-2: Strikes out swinging
|
|
Batting: LHB Akira Yamano
|
0-0: Ball 1-0: Called Strike 1-1: Ball 2-1: Foul Ball, location: 2F 2-2: DOUBLE (Line Drive, 5D, EV 96.2 MPH)
|
|
Batting: RHB Cyd Carver
|
0-0: Called Strike 0-1: Ball 1-1: Swinging Strike 1-2: Strikes out swinging
|
|
Batting: LHB Jason Pirkle
|
0-0: Ground out 5-3 (Groundball, 56S, EV 88.8 MPH)
|
| Top of the 6th over - 0 runs, 1 hit, 0 errors, 1 left on base; Cincinnati (NYP) 2 - Hillsboro 0 |
| BOTTOM OF THE 6TH |
|
Hillsboro Hops batting - Pitching for Cincinnati (NYP) Reds : LHP Andres Lobato
|
|
Batting: RHB Ryuki Ogasawara
|
0-0: Ball 1-0: DOUBLE (Flyball, 8RXD, EV 102.5 MPH)
|
|
Batting: RHB Yutaka Oki
|
0-0: Ball 1-0: Ground out 4-3 (Groundball, 4, EV 83.8 MPH) Ryuki Ogasawara to third
|
|
Batting: RHB Daniel Rivera
|
0-0: Called Strike 0-1: Ball 1-1: Ball 2-1: Ground out 5-3 (Groundball, 56S, EV 81.9 MPH) Ryuki Ogasawara scores
|
|
Batting: RHB Alejandro Hernandez
|
0-0: Called Strike 0-1: Ball 1-1: Foul Ball, location: 2F 1-2: Fly out, F8 (Flyball, 8LS, EV 92.5 MPH)
|
| Bottom of the 6th over - 1 run, 1 hit, 0 errors, 0 left on base; Cincinnati (NYP) 2 - Hillsboro 1 |
| TOP OF THE 7TH |
|
Cincinnati (NYP) Reds batting - Pitching for Hillsboro Hops : RHP Jose Rodas
|
|
Batting: RHB Randy Grewe
|
0-0: Fly out, F8 (Flyball, 8LM, EV 90.0 MPH)
|
|
Batting: RHB David Clough
|
0-0: Called Strike 0-1: Foul Ball, location: 2F 0-2: Ball 1-2: Ball 2-2: Foul Ball, location: 2F 2-2: Ground out 6-3 (Groundball, 6, EV 85.0 MPH)
|
|
Pitching: RHP Dan Thompson
|
|
|
Batting: LHB Brian Dickeson
|
0-0: Ball 1-0: Foul Ball, location: 2F 1-1: Called Strike 1-2: Ball 2-2: Foul Ball, location: 2F 2-2: Ball 3-2: Base on Balls
|
|
Batting: SHB Cesar Pelayo
|
0-0: Called Strike Brian Dickeson steals 2nd base 0-1: Called Strike 0-2: Ball 1-2: Strikes out swinging
|
| Top of the 7th over - 0 runs, 0 hits, 0 errors, 1 left on base; Cincinnati (NYP) 2 - Hillsboro 1 |
| BOTTOM OF THE 7TH |
|
Hillsboro Hops batting - Pitching for Cincinnati (NYP) Reds : LHP Andres Lobato
|
|
Batting: RHB Tim Borden
|
0-0: Ball 1-0: Ball 2-0: Foul Ball, location: 2F 2-1: Swinging Strike 2-2: Strikes out swinging
|
|
Pitching: RHP Calisto Morda
|
|
|
Batting: RHB Sean Tanner
|
0-0: Called Strike 0-1: Foul Ball, location: 2F 0-2: SINGLE (Flyball, 8RS, EV 96.2 MPH)
|
|
Batting: RHB Cesar Rendon
|
|
|
Pinch Hitting: LHB Franklin Quezada
|
0-0: Swinging Strike 0-1: Ball 1-1: SINGLE (Flyball, 56D, EV 89.4 MPH) Sean Tanner to second
|
|
Batting: RHB Jonathan Underhill
|
0-0: Called Strike 0-1: Fly out, F9 (Flyball, 89M, EV 75.0 MPH)
|
|
Pinch Hitting: SHB Morgan Batson
|
0-0: Swinging Strike 0-1: Swinging Strike 0-2: Strikes out swinging
|
| Bottom of the 7th over - 0 runs, 2 hits, 0 errors, 2 left on base; Cincinnati (NYP) 2 - Hillsboro 1 |
| TOP OF THE 8TH |
|
Cincinnati (NYP) Reds batting - Pitching for Hillsboro Hops : RHP Dan Thompson
|
|
Now in LF: Dallas Kelly
|
|
|
Now in CF: Franklin Quezada
|
|
|
Pinch Hitting: SHB Kristian Kristensen
|
0-0: Called Strike 0-1: Ball 1-1: Ground out 6-3 (Groundball, 6, EV 91.2 MPH)
|
|
Batting: RHB R.J. Romberg
|
0-0: Ball 1-0: Called Strike 1-1: Ball 2-1: Fly out, F7 (Flyball, 7D, EV 100.6 MPH)
|
|
Batting: LHB Akira Yamano
|
0-0: Swinging Strike 0-1: Called Strike 0-2: Strikes out swinging
|
| Top of the 8th over - 0 runs, 0 hits, 0 errors, 0 left on base; Cincinnati (NYP) 2 - Hillsboro 1 |
| BOTTOM OF THE 8TH |
|
Hillsboro Hops batting - Pitching for Cincinnati (NYP) Reds : RHP Calisto Morda
|
|
Now at 2B: Cyd Carver
|
|
|
Now at SS: Yasusaburo Kuwahara
|
|
|
Batting: RHB Ryuki Ogasawara
|
0-0: Swinging Strike 0-1: Swinging Strike 0-2: Foul Ball, location: 2F 0-2: Foul Ball, location: 2F 0-2: Ground out 6-3 (Groundball, 6, EV 101.9 MPH)
|
|
Batting: RHB Yutaka Oki
|
0-0: Called Strike 0-1: Foul Ball, location: 2F 0-2: Ball 1-2: Ground out 4-3 (Groundball, 13, EV 88.8 MPH)
|
|
Batting: RHB Daniel Rivera
|
0-0: Ball 1-0: Ball 2-0: Called Strike 2-1: SINGLE (Groundball, 56, EV 85.6 MPH) (infield hit)
|
|
Batting: RHB Alejandro Hernandez
|
0-0: Ball 1-0: Swinging Strike 1-1: Called Strike 1-2: Ball 2-2: Foul Ball, location: 2F 2-2: Strikes out swinging
|
| Bottom of the 8th over - 0 runs, 1 hit, 0 errors, 1 left on base; Cincinnati (NYP) 2 - Hillsboro 1 |
| TOP OF THE 9TH |
|
Cincinnati (NYP) Reds batting - Pitching for Hillsboro Hops : RHP Dan Thompson
|
|
Batting: RHB Cyd Carver
|
0-0: Foul Ball, location: 2F 0-1: Ball 1-1: Foul Ball, location: 2F 1-2: Ball 2-2: Strikes out swinging
|
|
Batting: LHB Jason Pirkle
|
0-0: Ball 1-0: Called Strike 1-1: Ball 2-1: Foul Ball, location: 2F 2-2: Foul Ball, location: 2F 2-2: Ground out 6-3 (Groundball, 6, EV 83.1 MPH)
|
|
Batting: RHB Randy Grewe
|
0-0: Called Strike 0-1: Ball 1-1: Foul Ball, location: 2F 1-2: Ball 2-2: Foul Ball, location: 2F 2-2: Ball 3-2: Fly out, F3 (Line Drive, 3L, EV 71.2 MPH)
|
| Top of the 9th over - 0 runs, 0 hits, 0 errors, 0 left on base; Cincinnati (NYP) 2 - Hillsboro 1 |
| BOTTOM OF THE 9TH |
|
Hillsboro Hops batting - Pitching for Cincinnati (NYP) Reds : RHP Calisto Morda
|
|
Pitching: RHP Rob Penton
|
|
|
Now at 1B: Ben Hinman
|
|
|
Batting: RHB Tim Borden
|
0-0: Ball 1-0: Called Strike 1-1: Ball 2-1: DOUBLE (Flyball, 78D, EV 106.2 MPH)
|
|
Pinch Hitting: LHB Josh Thomas
|
0-0: Called Strike 0-1: Ball 1-1: Ball 2-1: Swinging Strike 2-2: Foul Ball, location: 2F 2-2: Strikes out swinging
|
|
Batting: LHB Franklin Quezada
|
0-0: Ball 1-0: Ball 2-0: Ball 3-0: Called Strike 3-1: Foul Ball, location: 2F 3-2: Strikes out looking
|
|
Batting: RHB Jonathan Underhill
|
0-0: Ball 1-0: Ground out 4-3 (Groundball, 4, EV 82.5 MPH)
|
| Bottom of the 9th over - 0 runs, 1 hit, 0 errors, 1 left on base; Cincinnati (NYP) 2 - Hillsboro 1 |
|